 Dungeon Crawl Stone Soup version 0.29.1-14-g9c671dbff4 (webtiles) character file.

Game seed: 5070340809612673054

78 Heoruswealwe the Caller (level 4, -4/24 HPs)
             Began as a Deep Elf Summoner on Feb 17, 2023.
             Was a Believer of Elyvilon.
             Killed by divine providence
             ... invoked by an orc priest
              (14 damage)
             ... on level 2 of the Dungeon.
             The game lasted 00:21:53 (1897 turns).

Heoruswealwe the Caller (Deep Elf Summoner)         Turns: 1897, Time: 00:21:54

Health: -4/24      AC:  5    Str:  5    XL:     4   Next: 15%
Magic:  12/12      EV: 12    Int: 22    God:    Elyvilon [**....]
Gold:   148        SH:  0    Dex: 15    Spells: 8/12 levels left

rFire   . . .      SeeInvis .   f - +1 short sword
rCold   . . .      Faith    .   (no shield)
rNeg    . . .      Spirit   .   a - +0 robe
rPois   .          Reflect  .   p - +2 helmet
rElec   +          Harm     .   (no cloak)
rCorr   .          Rampage  .   (no gloves)
Will    .....      Clarity  +   (no boots)
Stlth   ++........              (no amulet)
HPRegen 0.08/turn               g - ring of flight
MPRegen 0.13/turn               (no ring)

@: flying
A: clarity, electricity resistance, wild magic 1
a: Renounce Religion, Purification, Heal Other


You were on level 2 of the Dungeon.
You worshipped Elyvilon.
Elyvilon was pleased with you.
You visited 1 branch of the dungeon, and saw 2 of its levels.

You collected 148 gold pieces.

Inventory:

Hand Weapons
 d - a +0 dagger
 f - a +1 short sword (weapon)
 h - a +0 club
 i - a +0 club
 k - a +0 sling
 n - a +0 club
 r - a +0 short sword
 s - a +0 club
 t - a +0 short sword
 u - a +0 quarterstaff
 w - a +0 spear
 A - a +0 sling
 B - a +0 club
 C - a +0 club
 D - a +0 sling
Missiles
 e - 37 stones
 l - 2 boomerangs
Armour
 a - a +0 robe (worn)
 j - a +0 ring mail
 o - a +0 leather armour
 p - a +2 helmet (worn)
Jewellery
 g - a ring of flight (left hand)
 z - a ring of ice
Scrolls
 q - a scroll of enchant armour {unknown}
 v - 2 scrolls of teleportation {unknown}
 x - a scroll of silence {unknown}
 y - a scroll of amnesia {unknown}
Potions
 b - a potion of magic
 c - 2 potions of mutation
 m - a potion of heal wounds


   Skills:
 - Level 2.4 Dodging
 - Level 2.4 Stealth
 + Level 4.8 Spellcasting
 + Level 5.4 Summonings


You had 8 spell levels left.
You knew the following spells:

 Your Spells              Type           Power      Damage    Failure   Level
a - Summon Small Mammal   Summ           100%       N/A       2%          1
b - Call Canine Familiar  Summ           37%        N/A       5%          3

Your spell library contained the following spells:

 Spells                   Type           Power      Damage    Failure   Level
 Call Imp                 Summ           37%        N/A       3%          2
 Sting                    Tmut/Pois      24%        1d4       16%         1
 Summon Guardian Golem    Hex/Summ       22%        N/A       16%         3
 Poisonous Vapours        Pois/Air       12%        N/A       22%         2
 Portal Projectile        Hex/Tloc       12%        N/A       38%         3
 Summon Lightning Spire   Summ/Air       22%        N/A       43%         4
 Leda's Liquefaction      Hex/Erth       3%         N/A       78%         4
 Olgreb's Toxic Radiance  Pois           6%         N/A       78%         4


Dungeon Overview and Level Annotations

Branches:
Dungeon (2/15)

Altars:
Elyvilon


Innate Abilities, Weirdness & Mutations

You possess an exceptional clarity of mind.
You are resistant to electric shocks. (rElec)
Your spells are a little harder to cast, but a little more powerful.


Message History

A nearby plant withers and dies.
The goblin shouts!
Casting: Call Canine Familiar (quite dangerous; 5% risk of failure)
Confirm with . or Enter, or press ? or * to list all spells.
The spell is quite dangerous to miscast (5% risk of failure)!
Continue anyway?
You miscast Call Canine Familiar.
You are very lightly contaminated with residual magic.
Nothing appears to happen.
Casting: Call Canine Familiar (quite dangerous; 5% risk of failure)
Confirm with . or Enter, or press ? or * to list all spells.
The spell is quite dangerous to miscast (5% risk of failure)!
Continue anyway?
Your hound splashes around in the water.
Your hound bites the goblin.
The goblin dies!
There is an open door, spattered with blood here.
Things that are here:
a +0 club; a goblin corpse
C - a +0 club Your magical contamination has completely faded away.
Found 14 gold pieces.
You swap places.
Your hound scratches at a flea.
You see here a +0 sling.
D - a +0 sling You now have 148 gold pieces (gained 14). 2 orcs come into view.
An orc and an orc priest come into view.
The orc priest calls down the wrath of Beogh upon you.
Beogh smites you!
Ouch! That really hurt!
The orc shouts! x2
Your hound bites the orc.
The orc priest calls down the wrath of Beogh upon you.
Beogh smites you! Elyvilon protects you from harm!
The orc barely misses your hound.
The orc priest invokes the aid of Beogh against you.
Beogh smites you!
Ouch! That really hurt!
You die...

#.##.# #. #.##.# #.# #.##.#
####.# #.##.# ....# #.##.#.
# ####..## #.##.#..#
.......##########.##.#..#
#######...@................
.........####.......##.#..#
######o.#.......#####.####
.........#.......# #.....
.8o..8...#.......# ######
...ooh...#.......#
.........###....##
.........# #....# ######
.8...8...# #....####~~~.#


You could see an orc priest and 2 orcs.

Vanquished Creatures
  A bat (D:1)
  A ball python (D:1)
2 creatures vanquished.

Vanquished Creatures (collateral kills)
  3 adders (D:2)
  A worm (D:2)
  3 dart slugs
  A bat (D:1)
  3 endoplasms
  5 giant cockroaches
  4 goblins
  5 hobgoblins (D:1)
  3 jackals (D:1)
  4 ball pythons
  2 frilled lizards
  4 kobolds
38 creatures vanquished.

Vanquished Creatures (others)
  85 plants
85 creatures vanquished.

Grand Total: 125 creatures vanquished

Notes
Turn   | Place    | Note
-------+----------+-------------------------------------------
     0 | D:1      | Heoruswealwe the Deep Elf Summoner began the quest for the
                  | Orb.
     0 | D:1      | Reached XP level 1. HP: 10/10 MP: 6/6
   160 | D:1      | Reached XP level 2. HP: 15/15 MP: 5/8
   450 | D:1      | Found a faded altar of an unknown god.
   463 | D:1      | Prayed at the altar of an unknown god.
   463 | D:1      | Became a worshipper of Elyvilon the Healer
   463 | D:1      | Reached * piety under Elyvilon
   611 | D:1      | Reached skill level 5 in Summonings
   611 | D:1      | Reached XP level 3. HP: 19/19 MP: 8/10
   621 | D:1      | Learned a level 3 spell: Call Canine Familiar
  1090 | D:1      | Gained mutation: Your spells are a little harder to cast,
                  | but a little more powerful. [potion of mutation]
  1090 | D:1      | Gained mutation: You possess an exceptional clarity of
                  | mind. [potion of mutation]
  1090 | D:1      | Gained mutation: You are resistant to electric shocks.
                  | (rElec) [potion of mutation]
  1323 | D:2      | Reached ** piety under Elyvilon
  1360 | D:2      | Reached XP level 4. HP: 24/24 MP: 12/12
  1895 | D:2      | Elyvilon protects you from harm!
  1897 | D:2      | Killed from afar by an orc priest

Illustrated notes

Levels and vault maps discovered:
D:1:      lemuel_arrival_lava_pool, layout_basic, serial_corexii_hall,
          corexii_hall_statues_x, corexii_hall_statues_l,
          basic_ecumenical_altar, serial_bayou_pond_a
D:2:      cheibrodos_pilgrimage, layout_basic, st_stairs_7,
          dreamdust_wishing_well, serial_bayou_lagoon_a, serial_bayou_pond_e,
          minmay_misc_feat_pillars

Skill      XL: |  1  2 |
---------------+-------+-----
Spellcasting   | 4 |  4.8
Summonings     | 5 |  5.4
Dodging        | |  2.4
Stealth        | |  2.4

Action                   |  1- 3 |  4- 6 || total
-------------------------+-------+-------++-------
Melee: Short sword       |    93 |   120 ||   213
       Punch             |     4 |     1 ||     5
 Cast: Summon Small Mamm |    22 |       ||    22
       Call Canine Famil |     4 |     5 ||     9
  Use: Potion            |     3 |       ||     3
       Scroll            |     2 |       ||     2
Armor: Robe              |     4 |     1 ||     5
Dodge: Dodged            |    22 |     1 ||    23
